 Dungeon Crawl Stone Soup version 0.32-a0-19-g28bc0835a1 (webtiles) character file.

Game seed: 11664643264454360376

128 Armakuni the Skirmisher (level 4, -8/24 HPs)
             Began as a Deep Elf Wanderer on Jan 18, 2024.
             Killed from afar by Natasha (9 damage)
             ... with a magic dart
             ... on level 2 of the Dungeon.
             The game lasted 00:04:45 (1172 turns).

Armakuni the Skirmisher (Deep Elf Wanderer)         Turns: 1172, Time: 00:04:45

Health: -8/24      AC:  3    Str: 10    XL:     4   Next: 86%
Magic:  6/6        EV: 11    Int: 14    God:
Gold:   78         SH:  0    Dex: 18    Spells: 3/3 levels left

rFire   . . .        b - +1 dagger (venom)
rCold   . . .        (no shield)
rNeg    . . .        f - +0 robe
rPois   .            c - +0 helmet
rElec   .            (no cloak)
rCorr   .            (no gloves)
SInv    .            (no boots)
Will    +....        (no amulet)
Stlth   ++           (no ring)
HPRegen 0.24/turn    (no ring)
MPRegen 0.10/turn

%: no passive effects
@: enlightened, flying
A: no striking features
a: no special abilities


You were on level 2 of the Dungeon.
You visited 1 branch of the dungeon, and saw 2 of its levels.

You collected 78 gold pieces.

Inventory:

Hand Weapons
 a - a +3 sling
 b - a +1 dagger of venom (weapon)
Armour
 c - a +0 helmet (worn)
 f - a +0 robe (worn)
Potions
 e - a potion of curing
 X - a potion of mutation


   Skills:
 + Level 9.2 Ranged Weapons
 - Level 1.0 Throwing
 - Level 1.2 Stealth
 - Level 1.0 Invocations
 - Level 2.1 Evocations


You had 3 spell levels left.
You didn't know any spells.
Your spell library was empty.

Dungeon Overview and Level Annotations

Branches:
Dungeon (2/15)

Altars:

Annotations:
D:2 Natasha


Message History

Natasha barely misses you. The cerulean imp closely misses you.
You shoot a sling bullet. The sling bullet hits Natasha.
Natasha is heavily wounded.
The cerulean imp disappears in a puff of smoke!
The cerulean imp hits you from afar with a +1 spear.
Natasha claws you. Natasha claws you!
* * * LOW HITPOINT WARNING * * *
The cerulean imp closely misses you.
You feel much better.
The cerulean imp hits you from afar with a +1 spear.
Natasha extends her claws.
Natasha barely misses you.
You feel yourself speed up. Natasha claws you.
Okay, then.
Unknown command.
Okay, then.
As you read the scroll of identify, it crumbles to dust.
e - a potion of curing The cerulean imp closely misses you.
Natasha stares at you and mumbles some strange words.
The magic dart hits you.
It was a potion of enlightenment.
You feel very buoyant.
You fly up into the air.
The cerulean imp barely misses you. Natasha claws you.
* * * LOW HITPOINT WARNING * * *
You aren't carrying any scrolls.
Unknown command.
Unknown command.
Your +1 dagger of venom begins to drip with poison!
b - a +1 dagger of venom (weapon)
The cerulean imp hits you from afar with a +1 spear.
* * * LOW HITPOINT WARNING * * *
You hit Natasha but do no damage.
Natasha is poisoned.
Natasha is moderately wounded.
The cerulean imp disappears in a puff of smoke!
Natasha stares at you and mumbles some strange words.
The magic dart hits you!
You die...
Natasha curls up and begins to purr.

#.......♣ P ...#.P
♣♣##.##.♣ ....P♣♣♣ .# ...
......P♣ .# ... #...P...
.# ...♣♣♣♣# #....... #.
.......# #....... #>
......# ##....... ..
####....####.<...... #.
#.h@.........#...... #.#
#§###...##..........
#..##†# #...#..##.......
##.#.K###.....###.......
.#.....#.....####........
............#...#
#........
............#####
#........ ............#
#........ ............#
#........


You could see Natasha (very poisoned).

Vanquished Creatures
  Natasha (twice) (D:2)
  3 adders (D:2)
  A dart slug (D:1)
  2 bats
  6 endoplasms
  A giant cockroach (D:2)
  7 goblins
  4 hobgoblins
  5 kobolds
  2 quokkas (D:1)
  5 ball pythons
  4 frilled lizards
  7 rats
49 creatures vanquished.

Notes
Turn   | Place    | Note
-------+----------+-------------------------------------------
     0 | D:1      | Armakuni the Deep Elf Wanderer began the quest for the Orb.
     0 | D:1      | Armakuni set off with the following items: a +2 sling, a
                  | potion of mutation, a +0 helmet, a potion of lignification,
                  | a +0 robe.
     0 | D:1      | Reached XP level 1. HP: 10/10 MP: 3/3
    98 | D:1      | Reached skill level 7 in Ranged Weapons
   107 | D:1      | Reached XP level 2. HP: 15/15 MP: 4/4
   635 | D:1      | Reached XP level 3. HP: 19/19 MP: 5/5
   742 | D:2      | Noticed Natasha
   745 | D:2      | Killed Natasha
   746 | D:2      | Reached skill level 8 in Ranged Weapons
   821 | D:2      | Noticed Natasha
   830 | D:2      | Killed Natasha
   831 | D:2      | Reached XP level 4. HP: 16/24 MP: 6/6
  1020 | D:2      | Found a faded altar of an unknown god.
  1073 | D:2      | Reached skill level 9 in Ranged Weapons
  1148 | D:2      | Noticed Natasha
  1171 | D:2      | HP: 1/24 [cerulean imp/+1 spear[Natasha] (4)]
  1172 | D:2      | Killed from afar by Natasha

Illustrated notes

Levels and vault maps discovered:
D:1:      pf_arrival_petrified_forest, layout_loops_cross, columned_hall_lemuel,
          minmay_indecisive_spiral
D:2:      layout_rooms, serial_forest, infiniplex_forest_clump_double,
          infiniplex_forest_straight_1, infiniplex_forest_clump_curved,
          infiniplex_forest_straight_4, infiniplex_forest_lined_3,
          infiniplex_forest_pool, infiniplex_forest_clump_cross,
          infiniplex_forest_end_3, infiniplex_forest_lined_3,
          infiniplex_forest_zigzag_1, shapermc_ecumenical_altar_mp_vishouse,
          uniq_natasha

Skill      XL: |  1  2  3  4 |
---------------+-------------+-----
Ranged Weapons | 7 8 9 |  9.2
Throwing       | |  1.0
Stealth        | |  1.2
Invocations    | |  1.0
Evocations     | |  2.1

Action                     |  1- 3 |  4- 6 || total
---------------------------+-------+-------++-------
  Melee: Dagger            |       |     1 ||     1
   Fire: Sling             |    83 |    53 ||   136
    Use: Scroll            |     4 |     1 ||     5
         Potion            |       |     4 ||     4
 Armour: Robe              |    10 |    28 ||    38
         Skin              |       |     6 ||     6
  Dodge: Dodged            |    11 |    31 ||    42

Table legend: (Time is in decaauts)
 A = Elapsed time spent in this place.
 B = Non-inter-level travel time spent in this place.
 C = Inter-level travel time spent in this place.
 D = Time resting spent in this place.
 E = Time spent auto-exploring this place.
 F = Levels seen in this place.
 G = Mean time per level.
                   A        B        C        D        E       F      G
               +--------+--------+--------+--------+--------+-----+--------+
         Total |   1195 |   1178 |     17 |    113 |    756 |   2 |  597.5 |
       Dungeon |   1195 |   1178 |     17 |    113 |    756 |   2 |  597.5 |
               +--------+--------+--------+--------+--------+-----+--------+

Top non-repeatable levels by time:
     D:1: 742 daAuts
     D:2: 453 daAuts
